 Dungeon Crawl Stone Soup version 0.29.1-15-g9cfb28693d (webtiles) character file.

Game seed: 13939747353811014813

24545 drjones the Basher (level 13, 0/141 (153) HPs)
             Began as a Human Cinder Acolyte on Apr 8, 2023.
             Was an Initiate of Ignis.
             Slain by a cane toad (13 damage)
             ... on level 3 of the Lair of Beasts.
             The game lasted 01:02:10 (11320 turns).

drjones the Basher (Human Cinder Acolyte)          Turns: 11320, Time: 01:02:10

HP:   0/141 (153)   AC: 26    Str: 15    XL:     13   Next: 43%
MP:   18/18         EV:  2    Int: 14    God:    Ignis [......]
Gold: 389           SH:  0    Dex: 13    Spells: 17/19 levels left

rFire   + . .      SeeInvis .   a - +8 whip "Snakebite" {venom, curare, rPois}
rCold   + . .      Faith    .   (no shield)
rNeg    + . .      Spirit   .   (body armour currently unavailable)
rPois   +          Reflect  .   (helmet currently unavailable)
rElec   +          Harm     .   (cloak currently unavailable)
rCorr   .          Rampage  .   (gloves currently unavailable)
Will    .....      NoTele   +   (boots currently unavailable)
Stlth   +.........              o - amulet of regeneration
HPRegen 1.13/turn               w - +4 ring of slaying
MPRegen 0.16/turn               r - ring "Ododduim" {Wiz rElec rC+ rN+ Str-3 Dex+2}

@: tree-form (expiring), drained
A: stationary, stasis, torment immunity, boosted hp
a: Renounce Religion, Rising Flame


You were on level 3 of the Lair of Beasts.
You worshipped Ignis.
Ignis was noncommittal.
You were a tree.
You visited 3 branches of the dungeon, and saw 14 of its levels.

You collected 812 gold pieces.
You spent 423 gold pieces at shops.

Inventory:

Hand Weapons
 a - the +8 whip "Snakebite" (weapon) {venom, curare, rPois}
   (You found it on level 1 of the Lair of Beasts)

   It poisons the flesh of those it strikes.
   It occasionally inflicts asphyxiating poison on those it strikes, dealing
   poison damage and causing slowness.
   rPois:     It protects you from poison.
 b - a +0 falchion of flaming
 m - a +1 demon whip of venom
 p - a +0 dagger of venom
 q - a +0 great sword of holy wrath
 x - a +2 falchion of holy wrath
 z - a +0 long sword of freezing
Armour
 f - a +0 cloak (melded)
 i - a +1 pair of gloves (melded)
 u - the +0 pair of boots of Dyspraxia (melded) {rCorr Stlth+}
   (You found it on level 8 of the Dungeon)

   rCorr:     It protects you from acid and corrosion.
   Stlth:     It makes you more stealthy.
 E - a +1 scale mail of cold resistance (melded)
 H - a +2 kite shield
Jewellery
 l - a ring of wizardry
 o - an amulet of regeneration (around neck)
 r - the ring "Ododduim" (right branch) {Wiz rElec rC+ rN+ Str-3 Dex+2}
   (You found it on level 5 of the Dungeon)

   [ring of wizardry]

   It improves your spell success rate.
   Str:       It affects your strength (-3).
   Dex:       It affects your dexterity (+2).
   rC:        It protects you from cold.
   rElec:     It insulates you from electricity.
   rN:        It protects you from negative energy.
 w - a +4 ring of slaying (left branch)
Wands
 g - a wand of roots (6)
 A - a wand of paralysis (1)
 B - a wand of digging (4)
 D - a wand of flame (24)
Scrolls
 d - 2 scrolls of vulnerability
 n - a scroll of amnesia {unknown}
 s - 2 scrolls of enchant weapon
 v - 4 scrolls of immolation
 C - a scroll of brand weapon
 I - a scroll of enchant armour
Potions
 c - a potion of magic
 h - 2 potions of brilliance
 j - 4 potions of mutation
 k - 2 potions of attraction {unknown}
 t - a potion of invisibility {unknown}
 F - a potion of resistance {unknown}
 G - a potion of lignification


   Skills:
 + Level 9.7 Fighting
 - Level 10.0 Long Blades
 - Level 12.0 Maces & Flails
 + Level 8.2 Armour
 + Level 8.2 Dodging
 + Level 1.4 Shields
 - Level 3.5 Spellcasting
 - Level 4.9 Fire Magic


You had 17 spell levels left.
You knew the following spells:

 Your Spells              Type           Power      Damage    Failure   Level
a - Scorch                Fire           32%        2d6       1%          2

Your spell library contained the following spells:

 Spells                   Type           Power      Damage    Failure   Level
 Ozocubu's Armour         Ice            2%         N/A       24%         3
 Alistair's Intoxication  Tmut/Pois      1%         N/A       89%         5
 Borgnjor's Vile Clutch   Necr/Erth      1%         N/A       89%         5
 Eringya's Noxious Bog    Tmut/Pois      1%         N/A       100%        6
 Ozocubu's Refrigeration  Ice            1%         4d7       100%        7


Dungeon Overview and Level Annotations

Branches:
Dungeon (9/15)             Temple (1/1) D:7            Lair (4/5) D:9
 Shoals (0/4) Lair:2        Slime (0/5) Lair:4
  Snake: Lair:2-3    Spider: Lair:2-3       Orc: D:9-12

Altars:
Ashenzari
Cheibriados
Dithmenos
Elyvilon
Fedhas
Gozag
Hepliaklqana
Kikubaaqudgha
Makhleb
Nemelex Xobeh
Okawaru
Qazlal
Ru
Sif Muna
Trog
Uskayaw
Vehumet
Wu Jian
Xom
Yredelemnul
Zin
The Shining One
Jiyva

Shops:
D:7 !   D:8 !*([

Annotations:
D:2 1 runed translucent door, Crazy Yiuf


Message History

You kill the hell rat!
The yak completely misses you.
You whack the hell rat!
The hell rat is poisoned.
The hell rat is severely wounded.
You kill the yak!
You hit the hell rat.
You kill the hell rat!
The hell rat bites you but does no damage.
You hit the hell rat.
The hell rat is poisoned.
The hell rat is moderately wounded.
Your transformation is almost over.
You barely miss the hell rat.
The hell rat is moderately wounded.
The hell rat bites you!
* * * LOW HITPOINT WARNING * * *
You partially resist.
You feel drained.
You whack the cane toad!
The cane toad is moderately wounded.
The cane toad stings you but does no damage.
You whack the cane toad!
The cane toad looks as sick as possible!
The cane toad is severely wounded.
The hell rat bites you!
* * * LOW HITPOINT WARNING * * *
You partially resist.
You feel drained.
* * * LOW HITPOINT WARNING * * *
You hit the cane toad.
The cane toad looks as sick as possible!
The cane toad is severely wounded.
The cane toad stings you.
* * * LOW HITPOINT WARNING * * *
The hell rat bites you!
* * * LOW HITPOINT WARNING * * *
You feel better.
The cane toad stings you but does no damage.
The hell rat barely misses you.
You closely miss the cane toad.
The cane toad is almost dead.
The cane toad stings you!
You die...

.. #.§...[......... ...
..##.#.........
#...##.8.#................
#.rS..r..#..............
F+..>^8#.............
#...†.#...........D #
#..8.##........... #..
#.#####rF.........# ....
## #♣##...#....#...# ###
#...#...N...#
#..P.#†##...# P#.....†.##
.N. .[.>......### .
......#.....###
###.#..#......N
####.###......
.#....P#.......


You could see a cane toad (extremely poisoned) and a hell rat (very poisoned).

Vanquished Creatures
  2 boulder beetles
  5 hydras
  3 catoblepae
  Amaemon (D:8)
  An orc sorcerer (D:8)
  5 elephants (Lair:4)
  4 black mambas
  An orange demon (D:8)
  3 cane toads
  2 komodo dragons
  Psyche (D:8)
  A rime drake (Lair:4)
  A polar bear (Lair:3)
  12 blink frogs (Lair:1)
  A wraith (D:9)
  6 wyverns
  27 yaks
  2 basilisks (Lair:4)
  2 steam dragons
  A naga (Lair:3)
  An acid dragon (D:9)
  12 water moccasins
  2 orc warriors
  2 sky beasts
  4 wolves (Lair:3)
  2 centaurs (D:8)
  3 kobold brigands
  15 bullfrogs
  5 scorpions
  2 howler monkeys (D:6)
  A jelly (D:6)
  A hound (D:5)
  6 orc priests
  2 iguanas
  8 orc wizards
  5 hell rats (Lair:3)
  9 adders
  A white imp (D:7)
  2 ufetubi
  5 worms
  2 dart slugs
  28 orcs
  8 endoplasms
  3 giant cockroaches
  9 goblins
  6 hobgoblins
  2 jackals (D:1)
  5 quokkas
  11 ball pythons
  6 bats
  3 frilled lizards
  17 kobolds
  6 rats
275 creatures vanquished.

Vanquished Creatures (others)
  An orc (D:9)
  25 foxfires
  43 fungi
  44 plants
113 creatures vanquished.

Grand Total: 388 creatures vanquished

Notes
Turn   | Place    | Note
-------+----------+-------------------------------------------
     0 | D:1      | drjones the Human Cinder Acolyte began the quest for the
                  | Orb.
     0 | D:1      | Reached XP level 1. HP: 18/18 MP: 2/2
   115 | D:1      | Reached XP level 2. HP: 19/24 MP: 3/3
   764 | D:1      | Found a faded altar of an unknown god.
   775 | D:1      | Reached XP level 3. HP: 29/29 MP: 5/5
  1021 | D:2      | Found a runed translucent door.
  1022 | D:2      | Noticed Crazy Yiuf
  1760 | D:2      | Reached XP level 4. HP: 10/35 MP: 6/6
  1817 | D:3      | Learned a level 2 spell: Scorch
  2054 | D:3      | Reached XP level 5. HP: 42/42 MP: 8/8
  2753 | D:4      | You fall into a shaft and drop 2 floors!
  2799 | D:5      | Entered Level 5 of the Dungeon
  2804 | D:5      | Reached XP level 6. HP: 48/48 MP: 8/10
  3226 | D:4      | Reached XP level 7. HP: 28/45 MP: 11/11
  4001 | D:5      | Identified the ring "Ododduim" {Wiz rElec rC+ rN+ Str-3
                  | Dex+2}
  4526 | D:6      | Reached skill level 5 in Fighting
  4718 | D:6      | Found an ancient bone altar of Kikubaaqudgha.
  4720 | D:6      | Found a burning altar of Makhleb.
  4730 | D:6      | Found an iron altar of Okawaru.
  4733 | D:6      | Found a glowing golden altar of the Shining One.
  4736 | D:6      | Found a shimmering altar of Xom.
  4738 | D:6      | Found a broken altar of Ashenzari.
  4741 | D:6      | Found a white marble altar of Elyvilon.
  4743 | D:6      | Found an ornate altar of the Wu Jian Council.
  4787 | D:6      | Reached skill level 5 in Long Blades
  4787 | D:6      | Reached skill level 1 in Armour
  4787 | D:6      | Reached skill level 1 in Dodging
  4787 | D:6      | Reached XP level 8. HP: 62/62 MP: 13/13
  5014 | D:7      | Found a staircase to the Ecumenical Temple.
  5027 | Temple   | Entered the Ecumenical Temple
  5137 | D:7      | Found Cathri's Distillery.
  5144 | D:7      | Bought a potion of might for 64 gold pieces
  5229 | D:7      | Found a snail-covered altar of Cheibriados.
  5245 | D:7      | Identified the +1 ring mail "Toimneacs" {Str+6 Stlth-}
  5791 | D:8      | Found Cotwad's Armour Shoppe.
  5802 | D:8      | Noticed an orc sorcerer
  5815 | D:8      | Noticed an ice devil
  5885 | D:8      | Killed an orc sorcerer
  5886 | D:8      | Reached XP level 9. HP: 71/71 MP: 14/14
  6100 | D:8      | Identified the +0 pair of boots of Dyspraxia {rCorr Stlth+}
  6136 | D:8      | Noticed Amaemon
  6136 | D:8      | Noticed an orange demon
  6226 | D:9      | Noticed a boulder beetle
  6358 | D:9      | Reached skill level 5 in Armour
  6358 | D:9      | Reached skill level 5 in Dodging
  6358 | D:9      | Reached XP level 10. HP: 41/79 MP: 15/15
  6433 | D:8      | Killed an orange demon
  6471 | D:8      | Killed Amaemon
  6565 | D:8      | Found Tif Piwuz's General Store.
  6575 | D:8      | Found Huasu's Distillery.
  6621 | D:8      | Bought a potion of heal wounds for 70 gold pieces
  6621 | D:8      | Bought a potion of berserk rage for 70 gold pieces
  6640 | D:8      | Found Roena Seben's Weapon Shop.
  6643 | D:8      | Bought a +0 great sword of holy wrath for 219 gold pieces
  6979 | D:9      | Found a staircase to the Lair.
  7244 | D:9      | Noticed Psyche
  7375 | D:8      | Killed Psyche
  7414 | D:8      | Killed a boulder beetle
  7415 | D:8      | Reached XP level 11. HP: 30/87 MP: 16/16
  7597 | D:9      | Found an opulent altar of Gozag.
  7597 | D:9      | Found a glowing silver altar of Zin.
  7768 | Lair:1   | Entered Level 1 of the Lair of Beasts
  7783 | Lair:1   | Noticed a five-headed hydra
  7802 | Lair:1   | Killed a one-headed hydra
  8716 | Lair:1   | Reached skill level 10 in Long Blades
  8769 | Lair:1   | Found the +8 whip "Snakebite" {venom, curare, rPois}
  9128 | Lair:2   | Noticed a six-headed hydra
  9130 | Lair:2   | Reached skill level 1 in Maces & Flails
  9130 | Lair:2   | Reached XP level 12. HP: 54/96 MP: 17/17
  9299 | Lair:2   | Killed a one-headed hydra
  9300 | Lair:2   | Reached skill level 3 in Maces & Flails
  9392 | Lair:2   | Reached skill level 4 in Maces & Flails
  9634 | Lair:2   | Reached skill level 5 in Maces & Flails
  9691 | Lair:2   | Reached skill level 6 in Maces & Flails
  9771 | Lair:2   | Noticed a catoblepas
  9805 | Lair:2   | Killed a catoblepas
  9806 | Lair:2   | Reached skill level 7 in Maces & Flails
  9931 | Lair:2   | Found a staircase to the Shoals.
 10066 | Lair:2   | Noticed a catoblepas
 10083 | Lair:2   | Killed a catoblepas
 10164 | Lair:2   | You fall into a shaft and drop 2 floors!
 10209 | Lair:4   | Noticed a boulder beetle
 10228 | Lair:4   | Killed a boulder beetle
 10229 | Lair:4   | Reached skill level 8 in Maces & Flails
 10334 | Lair:4   | Noticed a catoblepas
 10379 | Lair:4   | Killed a catoblepas
 10399 | Lair:4   | Reached skill level 9 in Maces & Flails
 10587 | Lair:4   | Noticed a six-headed hydra
 10606 | Lair:4   | Killed a one-headed hydra
 10653 | Lair:4   | Reached XP level 13. HP: 95/101 MP: 18/18
 10660 | Lair:4   | Reached skill level 10 in Maces & Flails
 10767 | Lair:4   | Found a staircase to the Slime Pits.
 10767 | Lair:4   | Found a viscous altar of Jiyva.
 10898 | Lair:4   | Noticed a six-headed hydra
 10924 | Lair:4   | Killed a one-headed hydra
 10925 | Lair:4   | Reached skill level 11 in Maces & Flails
 11204 | Lair:3   | Noticed a four-headed hydra
 11227 | Lair:3   | Killed a one-headed hydra
 11255 | Lair:3   | Reached skill level 12 in Maces & Flails
 11275 | Lair:3   | Reached skill level 1 in Shields
 11318 | Lair:3   | HP: 2/141 [hell rat (12)]
 11320 | Lair:3   | Slain by a cane toad

Illustrated notes

Levels and vault maps discovered:
D:1:      erik_arrival_blinker_ship, layout_rooms,
          shapermc_ecumenical_altar_notcrosses
D:2:      wad_pebble_path, layout_basic, kennysheep_generic_room_15,
          uniq_crazy_yiuf_cottage
D:3:      layout_loops_corners
D:4:      nicolae_cairo_tiling_large_dashed, layout_cave_pods,
          hangedman_decor_push
D:5:      layout_basic
D:6:      layout_loops_ring, nicolae_overflow_hallway_of_the_gods
D:7:      layout_basic, lemuel_crystal_altar, temple_fountains, serial_shops,
          shop_fountains, kennysheep_doodads, nrook_loot_triangle
D:8:      cheibrodos_wizards_tower, layout_rooms, serial_shops, shop,
          nicolae_shop_behind_doors, nicolae_shop_crystal,
          nicolae_shop_window_shopping, st_stairs_6, uniq_amaemon
D:9:      layout_cave_pools, grunt_temple_overflow_gold_and_silver,
          due_lair_maze_entry_diamond, uniq_psyche
Temple:   hellmonk_temple_of_storms
Lair:1:   minmay_guarded_unrand_snakebite, layout_regular_city,
          grunt_megastairs_4
Lair:2:   layout_cave_pods, elwin_shoals_entry_rocks
Lair:3:   layout_gridlike, minmay_snake_entry_guardpost_medium, basic_altar,
          grunt_megastairs_2
Lair:4:   layout_gridlike, slime_entry_1, infiniplex_staircase_pool,
          lemuel_fruit_fields

Skill      XL: |  1  2  3  4  5  6  7  8  9 10 11 12 13 |
---------------+----------------------------------------+-----
Spellcasting   | 2 3 |  3.5
Fighting       | 4 5 6 7 8 9 |  9.7
Fire Magic     | 4 |  4.9
Long Blades    | 4 5 6 7 8 10 | 10.0
Armour         | 1 3 5 6 8 |  8.2
Dodging        | 1 3 5 6 8 |  8.2
Maces & Flails | 1 9 12 | 12.0
Shields        | 1 |  1.4

Action                   |  1- 3 |  4- 6 |  7- 9 | 10-12 | 13-15 || total
-------------------------+-------+-------+-------+-------+-------++-------
Melee: Falchion          |   114 |    10 |     8 |    26 |    13 ||   171
       Long sword        |       |   148 |   295 |   355 |       ||   798
       Punch             |       |     2 |     4 |     8 |     6 ||    20
       Dagger            |       |       |    23 |     7 |       ||    30
       Great sword       |       |       |       |    72 |       ||    72
       Whip              |       |       |       |   155 |   144 ||   299
 Cast: Scorch            |       |     2 |     1 |     6 |       ||     9
Invok: Foxfire Swarm     |     1 |       |     1 |       |       ||     2
       Fiery Armour      |       |     2 |     6 |     1 |       ||     9
Evoke: Wand              |       |       |       |     6 |       ||     6
  Use: Scroll            |     3 |       |    10 |     6 |     2 ||    21
       Potion            |       |       |     2 |    14 |    10 ||    26
 Stab: Invisible         |       |       |       |     2 |       ||     2
Armor: Robe              |     7 |       |       |       |       ||     7
       Leather armour    |    10 |       |       |       |       ||    10
       Ring mail         |    26 |   105 |   152 |       |       ||   283
       Scale mail        |       |       |    24 |   196 |    54 ||   274
       Skin              |       |       |       |    57 |    29 ||    86
Dodge: Dodged            |    50 |    74 |   210 |   295 |    77 ||   706
